[Event "Titled Tuesday Blitz February 07 Late 2023"]
[White "Rego, Pedro Filipe"]
[Black "Sivakumar, Shaaketh"]
[WhiteFideId "1904310"]
[BlackFideId "30940176"]
[WhiteElo "2312"]
[BlackElo "2337"]
[Result "1-0"]
[Round "04"]
[TimeControl "180+2"]
[Date "2023.02.07"]
[WhiteClock "0:01:15"]
[BlackClock "0:01:55"]

1. c4 e6 2. e4 b6 3. g3 Bb7 4. Bg2 f5 5. Nc3 Nf6 6. d3 Bb4 7. Bg5 h6 8. Bd2 O-O 9. Nge2 fxe4 10. dxe4 Bc5 11. Nf4 g5 12. Nd3 Bd4 13. h4 Bxc3 14. Bxc3 Nxe4 15. Qh5 Qe8 16. Qxh6 Nxc3 17. hxg5 1-0


[Site "https://www.chess.com"]

[Event "Titled Tuesday Blitz February 07 Late 2023"]
[White "Kokoszczynski, Jan"]
[Black "Alfaro, William"]
[WhiteFideId "1174460"]
[BlackFideId "6100457"]
[WhiteElo "2247"]
[BlackElo "2134"]
[Result "1-0"]
[Round "04"]
[TimeControl "180+2"]
[Date "2023.02.07"]
[WhiteClock "0:01:25"]
[BlackClock "0:01:09"]

1. e4 c5 2. Nf3 Nc6 3. d4 cxd4 4. Nxd4 g6 5. Nc3 Bg7 6. Be3 Nf6 7. Bc4 d6 8. Bb3 O-O 9. h3 Bd7 10. O-O a5 11. a4 Rc8 12. Re1 Ne5 13. Qe2 Qc7 14. Rad1 Nc4 15. Ndb5 Nxe3 16. Nxc7 Nxd1 17. Rxd1 Rxc7 18. Nb5 Rc5 19. c3 Bc6 20. Bc2 Nh5 21. Nd4 Bd7 22. Qe3 Be5 23. Bb3 Nf4 24. Nf3 Bc6 25. Nxe5 dxe5 26. Qxc5 1-0


[Site "https://www.chess.com"]

[Event "Titled Tuesday Blitz February 07 Late 2023"]
[White "Rangel, Daniel"]
[Black "Bernat, David"]
[WhiteFideId "2124475"]
[BlackFideId "2099225"]
[WhiteElo "2207"]
[BlackElo "1862"]
[Result "0-1"]
[Round "04"]
[TimeControl "180+2"]
[Date "2023.02.07"]
[WhiteClock "0:00:03"]
[BlackClock "0:00:06"]

1. d4 Nf6 2. c4 e6 3. Nc3 a6 4. e4 d5 5. cxd5 exd5 6. e5 Ne4 7. Bd3 Nxc3 8. bxc3 c5 9. Ne2 Nc6 10. O-O Bg4 11. f3 Bh5 12. Be3 Bg6 13. f4 Bxd3 14. Qxd3 cxd4 15. cxd4 Be7 16. f5 f6 17. Nf4 fxe5 18. Ne6 Qd6 19. Nxg7+ Kf7 20. Ne6 Nxd4 21. Bxd4 exd4 22. Qxd4 Bf6 23. Qg4 Bxa1 24. Ng5+ Kf6 25. Rxa1 Rag8 26. Re1 Qc5+ 27. Kh1 Rxg5 28. Re6+ Kf7 29. Qxg5 Rf8 30. Rf6+ Ke8 31. Rxf8+ Qxf8 32. f6 Qf7 33. Qe5+ Kd7 34. h3 Qe6 35. Qg5 Qf7 36. Qf5+ Kd6 37. Qc8 Qxf6 38. Qxb7 Qf1+ 39. Kh2 Qf4+ 40. Kg1 Qe3+ 41. Kf1 Qd3+ 42. Ke1 Qc3+ 43. Kd1 Qd3+ 44. Kc1 Qf1+ 45. Kb2 Qb5+ 46. Qxb5 axb5 47. g4 Ke5 48. Kc3 Ke4 49. Kd2 Kf4 50. Kd3 Kg3 51. Kd4 Kxh3 52. Kc5 Kxg4 53. Kxb5 h5 54. a4 h4 55. a5 h3 56. a6 h2 57. a7 h1=Q 58. a8=Q Qe4 59. Qg8+ Kf3 60. Kc5 Qc4+ 61. Kd6 Ke3 62. Qg3+ Kd2 63. Qf2+ Kc3 64. Qf6+ d4 65. Ke5 Qc5+ 66. Ke4 Qc4 67. Qe5 Qd3+ 68. Kf4 Qf1+ 0-1


[Site "https://www.chess.com"]

[Event "Titled Tuesday Blitz February 07 Late 2023"]
[White "Girsh, Daniel"]
[Black "Rian, Kapriaga"]
[WhiteFideId "30949190"]
[BlackFideId "7103263"]
[WhiteElo "2123"]
[BlackElo "2089"]
[Result "1-0"]
[Round "04"]
[TimeControl "180+2"]
[Date "2023.02.07"]
[WhiteClock "0:00:54"]
[BlackClock "0:00:01"]

1. d4 Nf6 2. c4 e6 3. Nf3 d5 4. g3 Bb4+ 5. Bd2 a5 6. Bg2 dxc4 7. O-O O-O 8. a3 Be7 9. Qc2 b6 10. Qxc4 Ba6 11. Qc2 Bxe2 12. Re1 Ba6 13. Ne5 Ra7 14. Nc3 Qxd4 15. Bf4 Bd6 16. Rad1 Qc5 17. h4 Nfd7 18. b4 axb4 19. axb4 Qxb4 20. Be4 Nxe5 21. Bxh7+ Kh8 22. Bxe5 Nd7 23. Bd4 c5 24. Bxg7+ Kxg7 25. Rxd6 Nf6 26. Be4 Nxe4 27. Rxe4 Qa3 28. Rg4+ Kf6 29. Nd5+ Ke5 30. Ra4 Qf3 31. Nxb6 Kxd6 32. Nc4+ Bxc4 33. Rxa7 Bd5 34. Ra6+ Ke5 35. Qb2+ Kf5 36. Qc2+ Kg4 37. Kf1 Bc4+ 38. Qxc4+ Kh3 39. Ke1 1-0


[Site "https://www.chess.com"]

[Event "Titled Tuesday Blitz February 07 Late 2023"]
[White "Fathy, Elameir"]
[Black "Koutlas, Nikolaos"]
[WhiteFideId "10600396"]
[BlackFideId "25827138"]
[WhiteElo "2300"]
[BlackElo "2341"]
[Result "0-1"]
[Round "04"]
[TimeControl "180+2"]
[Date "2023.02.07"]
[WhiteClock "0:00:01"]
[BlackClock "0:00:12"]

1. d4 Nf6 2. c4 e6 3. Nf3 d5 4. Nc3 c6 5. e3 Nbd7 6. Be2 Bd6 7. O-O O-O 8. b3 b6 9. Bb2 Bb7 10. Bd3 Rc8 11. Rc1 Qc7 12. cxd5 exd5 13. Nb5 Qb8 14. Nxd6 Qxd6 15. Ne5 c5 16. f4 cxd4 17. exd4 Ne4 18. Qg4 Ndf6 19. Qh4 Qb4 20. Qe1 Qd6 21. g4 Nxg4 22. Nxg4 Qg6 23. Qh4 f5 24. Bxe4 dxe4 25. Rxc8 Rxc8 26. Rc1 Rxc1+ 27. Bxc1 h5 28. Qg5 Qxg5 29. fxg5 fxg4 30. Kf2 Kf7 31. Ke3 Ke6 32. Kf4 g6 33. Be3 Kd5 34. Bf2 a5 35. Ke3 Bc8 36. Bg3 Bf5 37. Bc7 Kc6 38. Bd8 h4 39. Kf4 Kb5 40. Bc7 Kc6 41. Bb8 g3 42. hxg3 h3 43. Ke3 h2 0-1


[Site "https://www.chess.com"]

[Event "Titled Tuesday Blitz February 07 Late 2023"]
[White "Vovk, Orest"]
[Black "Todev, Simeon"]
[WhiteFideId "14113490"]
[BlackFideId "2925133"]
[WhiteElo "2315"]
[BlackElo "2033"]
[Result "1-0"]
[Round "04"]
[TimeControl "180+2"]
[Date "2023.02.07"]
[WhiteClock "0:00:04"]
[BlackClock "0:00:02"]

1. h4 e5 2. h5 Bc5 3. Nf3 e4 4. d4 Bb6 5. Ne5 d5 6. h6 g6 7. a4 a5 8. e3 f5 9. c4 c6 10. Qb3 Nf6 11. Nc3 O-O 12. cxd5 cxd5 13. f4 exf3 14. gxf3 f4 15. Nb5 Nc6 16. Bd2 Re8 17. exf4 Nxd4 18. Nxd4 Bxd4 19. O-O-O Bf5 20. Bd3 Rc8+ 21. Kb1 Bxd3+ 22. Qxd3 Bxe5 23. fxe5 Rxe5 24. Bc3 Rf5 25. Rhe1 Qd7 26. Qb5 Qxb5 27. axb5 Kf7 28. Bxa5 Rxf3 29. Bb4 Rc7 30. b6 Rd7 31. Rc1 Rb3 32. Bc5 Ne4 33. Bd4 Rd3 34. Rc7 Ke6 35. Bg7 1-0


[Site "https://www.chess.com"]

[Event "Titled Tuesday Blitz February 07 Late 2023"]
[White "Yeritsyan, Hayk"]
[Black "Jenkins, Drake"]
[WhiteFideId "13307320"]
[BlackFideId "2022397"]
[WhiteElo "2241"]
[BlackElo "2130"]
[Result "1/2-1/2"]
[Round "04"]
[TimeControl "180+2"]
[Date "2023.02.07"]
[WhiteClock "0:00:40"]
[BlackClock "0:00:17"]

1. d4 Nf6 2. Nf3 c5 3. e3 g6 4. Bd3 Bg7 5. c3 d6 6. O-O Nbd7 7. Nbd2 O-O 8. Qe2 Rb8 9. e4 e5 10. dxe5 Nxe5 11. Nxe5 dxe5 12. Rd1 Qc7 13. Nf1 Bg4 14. f3 Be6 15. Ne3 Rfd8 16. c4 Nh5 17. g3 a6 18. Nd5 Bxd5 19. cxd5 b5 20. Be3 c4 21. Bc2 Bf8 22. Qf2 Rdc8 23. Rac1 Bc5 24. Bxc5 Qxc5 25. Qxc5 Rxc5 26. Kf2 Rd8 27. Ke3 Nf6 28. b3 Ne8 29. bxc4 Rxc4 30. Bb3 Rcc8 31. a4 Nd6 32. f4 f6 33. axb5 axb5 34. Rc6 Kf8 35. Rdc1 Ke7 36. Bd1 Nc4+ 37. Kf2 Rxc6 38. dxc6 Rc8 39. Rb1 Rxc6 40. Rxb5 Rc7 41. Be2 Nd6 42. Rb4 g5 43. Ra4 gxf4 44. gxf4 exf4 45. Kf3 Nf7 46. Kxf4 Ne5 47. Ra6 Ng6+ 48. Ke3 Rc3+ 49. Kd4 Rh3 50. Bc4 Rxh2 51. Re6+ Kf7 52. Ra6+ Kg7 53. Ra7+ Kh6 54. Ra6 Kg5 55. Be6 Ne5 56. Bf5 h5 57. Ra8 Rd2+ 58. Ke3 Rd3+ 59. Ke2 Kf4 60. Rh8 Re3+ 61. Kd2 Nf3+ 62. Kc2 h4 63. Rh6 Nd4+ 64. Kd2 Nxf5 65. exf5 Re5 66. Rxh4+ Kxf5 67. Rh5+ Ke4 68. Rxe5+ fxe5 69. Ke2 Kd4 70. Kd2 e4 71. Ke2 e3 72. Ke1 Ke4 73. Ke2 Kf4 74. Ke1 Kf3 75. Kf1 e2+ 76. Ke1 Ke3 1/2-1/2


[Site "https://www.chess.com"]

[Event "Titled Tuesday Blitz February 07 Late 2023"]
[White "Szente Varga, Fruzsina"]
[Black "Papayan, Oleg"]
[WhiteFideId "712264"]
[BlackFideId "4193911"]
[WhiteElo "2075"]
[BlackElo "2253"]
[Result "0-1"]
[Round "04"]
[TimeControl "180+2"]
[Date "2023.02.07"]
[WhiteClock "0:02:15"]
[BlackClock "0:01:39"]

1. e4 d5 2. exd5 Qxd5 3. Nc3 Qd8 4. d4 c6 5. Bc4 Bf5 6. Nge2 e6 7. Be3 Nd7 8. Qd2 Ngf6 9. O-O-O Bb4 10. f3 Qa5 11. a3 Bxa3 12. bxa3 Qxa3+ 13. Kb1 Nb6 14. Bb3 Qxb3+ 15. Ka1 Bxc2 16. Rc1 Nc4 17. Qxc2 Qxc2 18. Rxc2 Nxe3 19. Rb2 O-O-O 20. Rhb1 b6 21. g3 Rd7 22. Rb4 Nc2+ 0-1


[Site "https://www.chess.com"]

[Event "Titled Tuesday Blitz February 07 Late 2023"]
[White "Van Dael, Siem"]
[Black "Mortazavi, Ali"]
[WhiteFideId "1049771"]
[BlackFideId "401323"]
[WhiteElo "2319"]
[BlackElo "2333"]
[Result "1-0"]
[Round "04"]
[TimeControl "180+2"]
[Date "2023.02.07"]
[WhiteClock "0:01:38"]
[BlackClock "0:00:57"]

1. e4 c6 2. d4 d5 3. Nd2 dxe4 4. Nxe4 Nf6 5. Nxf6+ exf6 6. c3 Bd6 7. Bd3 O-O 8. Qc2 Re8+ 9. Ne2 h5 10. O-O h4 11. h3 Nd7 12. Bf4 Nf8 13. Bxd6 Qxd6 14. Rae1 b5 15. a4 a6 16. c4 bxc4 17. Bxc4 Be6 18. b3 Ng6 19. Rd1 Bd5 20. Bxd5 cxd5 21. Rfe1 Rab8 22. Qd3 a5 23. Nc3 Rxe1+ 24. Rxe1 Rxb3 25. Re8+ Kh7 26. Qd1 Nf4 27. Qxb3 f5 28. Qb8 Qa3 29. Rh8+ Kg6 30. Qxf4 1-0


[Site "https://www.chess.com"]

[Event "Titled Tuesday Blitz February 07 Late 2023"]
[White "Mione, Dario"]
[Black "Fiorito, Francisco"]
[WhiteFideId "806625"]
[BlackFideId "180165"]
[WhiteElo "2228"]
[BlackElo "2305"]
[Result "1-0"]
[Round "04"]
[TimeControl "180+2"]
[Date "2023.02.07"]
[WhiteClock "0:00:47"]
[BlackClock "0:00:22"]

1. Nf3 Nf6 2. d4 d5 3. c4 dxc4 4. e3 e6 5. Bxc4 c5 6. O-O a6 7. a4 Be7 8. dxc5 Bxc5 9. Qxd8+ Kxd8 10. Rd1+ Ke7 11. Nc3 Nbd7 12. e4 Ng4 13. Nd4 g6 14. h3 Nge5 15. Be2 b6 16. Be3 Bb7 17. f3 Rhc8 18. Rac1 f6 19. Kf2 Bd6 20. Rd2 Nc4 21. Bxc4 Rxc4 22. Rcd1 Bb4 23. Nf5+ exf5 24. Rxd7+ Ke6 25. exf5+ gxf5 26. Rxb7 Ba5 27. Bxb6 Bxc3 28. bxc3 Rxc3 29. Rd2 a5 30. Rbd7 f4 31. Bd4 Ra3 32. Bb2 Rxa4 33. R7d6+ Kf5 34. Rxf6+ Kg5 35. Rd5+ Kh4 36. Rh6# 1-0


[Site "https://www.chess.com"]

[Event "Titled Tuesday Blitz February 07 Late 2023"]
[White "Bas Mas, Jose Joaquin"]
[Black "Cueto, Jonny"]
[WhiteFideId "22219064"]
[BlackFideId "3300145"]
[WhiteElo "2197"]
[BlackElo "2122"]
[Result "1-0"]
[Round "04"]
[TimeControl "180+2"]
[Date "2023.02.07"]
[WhiteClock "0:00:31"]
[BlackClock "0:00:20"]

1. e4 e6 2. d4 d5 3. e5 c5 4. c3 Nc6 5. Nf3 Qb6 6. Bd3 cxd4 7. O-O dxc3 8. Nxc3 Bd7 9. a3 Rc8 10. Be3 Qd8 11. Nb5 a6 12. Nd6+ Bxd6 13. exd6 Nf6 14. Re1 O-O 15. Bg5 h6 16. Bh4 Re8 17. Rc1 e5 18. Bb1 Bg4 19. Bxf6 Qxf6 20. Qxd5 Bxf3 21. gxf3 Rcd8 22. Rcd1 Nd4 23. Qe4 Nxf3+ 24. Kh1 Nxe1 25. Qh7+ 1-0


[Site "https://www.chess.com"]

[Event "Titled Tuesday Blitz February 07 Late 2023"]
[White "Talbi, Chafik"]
[Black "Danielyan, Vahe"]
[WhiteFideId "7903715"]
[BlackFideId "13304828"]
[WhiteElo "2224"]
[BlackElo "2346"]
[Result "0-1"]
[Round "04"]
[TimeControl "180+2"]
[Date "2023.02.07"]
[WhiteClock "0:00:12"]
[BlackClock "0:00:15"]

1. e4 c5 2. Nf3 d6 3. c3 Nf6 4. Bd3 g6 5. Bc2 Bg7 6. h3 O-O 7. d4 cxd4 8. cxd4 a6 9. Nc3 b5 10. a3 Bb7 11. O-O Nbd7 12. Be3 Nb6 13. Nd2 Rc8 14. Rc1 Nc4 15. Nxc4 Rxc4 16. Bd3 Rxc3 17. Rxc3 Nxe4 18. Bxe4 Bxe4 19. Qg4 f5 20. Qe2 Qa8 21. f3 Bd5 22. Rfc1 Bc4 23. Qc2 e5 24. dxe5 Bxe5 25. Rxc4 bxc4 26. Qxc4+ Kh8 27. Rc2 Re8 28. Qf7 d5 29. Bh6 Bd4+ 30. Kh1 Qb8 31. Rc7 Re1+ 32. Kh2 Qxc7+ 33. Qxc7 Be5+ 34. Qxe5+ Rxe5 35. Bd2 Re2 36. Bc3+ Kg8 37. Kg3 Kf7 38. f4 Ke6 39. Kf3 Rc2 40. g4 fxg4+ 41. hxg4 h5 42. gxh5 gxh5 43. Kg3 Kf5 44. Be5 Re2 45. Bd4 Re4 46. Be5 Rxe5 47. fxe5 Kxe5 48. b4 d4 49. a4 h4+ 50. Kxh4 d3 51. b5 axb5 52. axb5 d2 53. b6 d1=Q 54. b7 Qd8+ 0-1


[Site "https://www.chess.com"]

[Event "Titled Tuesday Blitz February 07 Late 2023"]
[White "Iljin, Timofey"]
[Black "Jeziel_Vale"]
[WhiteFideId "14110180"]
[WhiteElo "2329"]
[BlackElo "2276"]
[Result "1-0"]
[Round "04"]
[TimeControl "180+2"]
[Date "2023.02.07"]
[WhiteClock "0:01:57"]
[BlackClock "0:00:52"]

1. d4 Nf6 2. c4 g6 3. Nc3 Bg7 4. e4 d6 5. f4 O-O 6. Nf3 c5 7. d5 e6 8. Be2 exd5 9. cxd5 Re8 10. e5 dxe5 11. fxe5 Ng4 12. Bg5 Qb6 13. O-O Nxe5 14. Nxe5 Bxe5 15. Bc4 Qxb2 16. d6 Be6 17. Bxe6 Rxe6 18. Qf3 f6 19. Qd5 Kf7 20. Rab1 Qxc3 21. Rxb7+ Kf8 22. Bh6+ 1-0


[Site "https://www.chess.com"]

[Event "Titled Tuesday Blitz February 07 Late 2023"]
[White "Ramirez Allo, Eduardo"]
[Black "Toktomushev, Teimur"]
[WhiteFideId "2224178"]
[BlackFideId "14176726"]
[WhiteElo "2274"]
[BlackElo "2239"]
[Result "0-1"]
[Round "04"]
[TimeControl "180+2"]
[Date "2023.02.07"]
[WhiteClock "0:00:09"]
[BlackClock "0:00:04"]

1. d4 d5 2. c4 e6 3. Nf3 Nf6 4. g3 Bb4+ 5. Bd2 Be7 6. Bg2 O-O 7. O-O c6 8. Qc2 b6 9. Bf4 Ba6 10. Nbd2 Nbd7 11. Rfd1 Rc8 12. b3 c5 13. dxc5 Bxc5 14. Qb2 Qe7 15. e3 Ba3 16. Qb1 h6 17. Be5 dxc4 18. Nxc4 Bxc4 19. bxc4 Rxc4 20. Qb3 Rfc8 21. Bd4 Bb4 22. Ne5 Nxe5 23. Bxe5 Bc3 24. Bd6 Qe8 25. Bb7 Bxa1 26. Bxc8 Qxc8 27. Rxa1 Rc1+ 28. Rxc1 Qxc1+ 29. Kg2 Qc6+ 30. f3 Qxd6 31. e4 Qd2+ 32. Kg1 Qe1+ 33. Kg2 Qe2+ 34. Kg1 Nd7 35. Qa3 Ne5 36. Qb2 Nxf3+ 37. Kh1 Qxb2 0-1


[Site "https://www.chess.com"]

[Event "Titled Tuesday Blitz February 07 Late 2023"]
[White "Kazmaier, Daniel"]
[Black "Tinmaz, Kerem"]
[WhiteFideId "2606089"]
[BlackFideId "44559151"]
[WhiteElo "2171"]
[BlackElo "2177"]
[Result "1-0"]
[Round "04"]
[TimeControl "180+2"]
[Date "2023.02.07"]
[WhiteClock "0:01:09"]
[BlackClock "0:00:07"]

1. d4 d5 2. Bg5 h6 3. Bh4 c5 4. Nf3 Qb6 5. Nbd2 cxd4 6. Nb3 g5 7. Bg3 Bg7 8. Nfxd4 Nc6 9. c3 Nf6 10. Nxc6 bxc6 11. Be5 O-O 12. e3 Bf5 13. h4 g4 14. Bd3 Bxd3 15. Qxd3 h5 16. Bxf6 Bxf6 17. Qf5 g3 18. Qxh5 gxf2+ 19. Kxf2 Kg7 20. Rh3 Rh8 21. Qf5 Rag8 22. h5 a5 23. h6+ Rxh6 24. Rxh6 Kxh6 25. Rh1+ Kg7 26. Rh7+ Kf8 27. Qc8+ Qd8 28. Qxd8# 1-0


[Site "https://www.chess.com"]

[Event "Titled Tuesday Blitz February 07 Late 2023"]
[White "Herbst, Richard"]
[Black "Matko, Ognjen"]
[WhiteFideId "2041251"]
[BlackFideId "14509717"]
[WhiteElo "2120"]
[BlackElo "2295"]
[Result "0-1"]
[Round "04"]
[TimeControl "180+2"]
[Date "2023.02.07"]
[WhiteClock "0:01:08"]
[BlackClock "0:01:21"]

1. e4 e5 2. Nf3 Nc6 3. Bc4 Bc5 4. c3 d6 5. d4 exd4 6. cxd4 Bb6 7. Bb5 Bd7 8. O-O Nge7 9. Nc3 O-O 10. h3 Ng6 11. Re1 Re8 12. Bc4 h6 13. a3 Nh4 14. Nxh4 Qxh4 15. Be3 Rad8 16. Qf3 Be6 17. Bxe6 fxe6 18. Rad1 Rf8 19. Qg4 Qf6 20. Ne2 e5 21. dxe5 Nxe5 22. Qg3 Bxe3 23. Qxe3 Nc4 24. Qg3 Nxb2 25. Qb3+ Kh8 26. Qxb2 Qxb2 0-1


[Site "https://www.chess.com"]

[Event "Titled Tuesday Blitz February 07 Late 2023"]
[White "Urbina Perez, Juan Antonio"]
[Black "MunichMouse"]
[WhiteFideId "2217368"]
[WhiteElo "2266"]
[BlackElo "2253"]
[Result "1-0"]
[Round "04"]
[TimeControl "180+2"]
[Date "2023.02.07"]
[WhiteClock "0:00:34"]
[BlackClock "0:00:07"]

1. d4 Nf6 2. Nf3 g6 3. g3 Bg7 4. Bg2 O-O 5. O-O d6 6. Nc3 d5 7. a4 Nbd7 8. Bf4 c6 9. Re1 h6 10. e4 dxe4 11. Nxe4 Nxe4 12. Rxe4 Nf6 13. Re1 Nd5 14. Bd2 Bf5 15. Qc1 Kh7 16. c3 Qd7 17. Ne5 Qc8 18. h4 Bh3 19. h5 Bxg2 20. hxg6+ fxg6 21. Kxg2 Qf5 22. Rf1 Bxe5 23. dxe5 Qf3+ 24. Kg1 Rf5 25. Qd1 Qxd1 26. Raxd1 Rxe5 27. Rde1 Rxe1 28. Rxe1 Re8 29. c4 Nb6 30. b3 e6 31. Be3 Kg7 32. Rd1 Re7 33. Rd8 h5 34. Bc5 Rf7 35. Bd4+ Kh6 36. f4 g5 37. Rh8+ Kg6 38. Rg8+ Kf5 39. Rxg5+ Ke4 40. Bxb6 axb6 41. Kg2 h4 42. Re5+ Kd4 43. Rxe6 hxg3 44. Kxg3 Rg7+ 45. Kf3 Rh7 46. f5 Rh3+ 47. Kg4 Rxb3 48. f6 Rb1 49. Re7 Rf1 50. Kg5 Kxc4 51. Rxb7 b5 52. axb5 cxb5 53. Rc7+ Kb3 54. Rc5 b4 55. Rf5 Rg1+ 56. Kf4 Rg8 57. f7 Rf8 58. Ke5 Kc3 59. Rf3+ Kc2 60. Rf2+ Kc3 61. Rf3+ Kc2 62. Kd4 b3 63. Rf2+ Kc1 64. Kc3 Kd1 65. Kxb3 Ke1 66. Rf6 Ke2 67. Kc4 Ke3 68. Kd5 1-0


[Site "https://www.chess.com"]

[Event "Titled Tuesday Blitz February 07 Late 2023"]
[White "Tobares, Leandro"]
[Black "Prydun, Andriy"]
[WhiteFideId "106402"]
[BlackFideId "14145898"]
[WhiteElo "2189"]
[BlackElo "2134"]
[Result "0-1"]
[Round "04"]
[TimeControl "180+2"]
[Date "2023.02.07"]
[WhiteClock "0:00:18"]
[BlackClock "0:02:17"]

1. d4 Nf6 2. e3 g6 3. Nf3 Bg7 4. Bd3 O-O 5. O-O d6 6. c4 Nc6 7. Nc3 e5 8. e4 Bg4 9. h3 Bxf3 10. dxe5 Bxd1 11. Bc2 Bxc2 0-1


[Site "https://www.chess.com"]

[Event "Titled Tuesday Blitz February 07 Late 2023"]
[White "Mareco, Sandro"]
[Black "Clawitter, Craig"]
[WhiteFideId "112275"]
[BlackFideId "2023105"]
[WhiteElo "2633"]
[BlackElo "2050"]
[Result "0-1"]
[Round "04"]
[TimeControl "180+2"]
[Date "2023.02.07"]
[WhiteClock "0:00:04"]
[BlackClock "0:00:08"]

1. d4 e6 2. Nc3 d5 3. Bf4 Nf6 4. e3 Bb4 5. Bd3 c5 6. dxc5 Nbd7 7. Ne2 Nxc5 8. O-O O-O 9. a3 Nxd3 10. cxd3 Bd6 11. d4 b6 12. Rc1 Ba6 13. Re1 Rc8 14. h3 Bxe2 15. Nxe2 Bxf4 16. Nxf4 Ne4 17. Qa4 Rc7 18. Nd3 Qd6 19. Rxc7 Qxc7 20. Rc1 Qb7 21. Qc2 h5 22. Nb4 Nd6 23. Qe2 g6 24. Qa6 Qxa6 25. Nxa6 Rc8 26. Rxc8+ Nxc8 27. f3 Kf8 28. Kf2 Nd6 29. Nb4 a5 30. Nd3 f6 31. g4 hxg4 32. hxg4 g5 33. Ke2 Ke7 34. b4 Nc4 35. bxa5 bxa5 36. a4 Kd6 37. Nc5 Nb6 38. e4 dxe4 39. fxe4 e5 40. Nb7+ Kc7 41. dxe5 Kxb7 42. exf6 Kc6 43. Kd3 Kd6 44. Kd4 Ke6 45. e5 Nd7 46. f7 Kxf7 47. Kd5 Ke7 48. Kc6 Nxe5+ 49. Kb5 Nxg4 50. Kxa5 Ne5 51. Kb6 Kd6 52. a5 Nc6 53. a6 g4 54. Kb7 g3 55. a7 Nxa7 56. Kb8 g2 0-1


[Site "https://www.chess.com"]

[Event "Titled Tuesday Blitz February 07 Late 2023"]
[White "Gutkin, Ilya"]
[Black "Ardila, Oscar Humberto"]
[WhiteFideId "16203470"]
[BlackFideId "4404742"]
[WhiteElo "2273"]
[BlackElo "1982"]
[Result "1-0"]
[Round "04"]
[TimeControl "180+2"]
[Date "2023.02.07"]
[WhiteClock "0:00:29"]
[BlackClock "0:00:03"]

1. Nf3 Nf6 2. g3 g6 3. b3 Bg7 4. Bb2 O-O 5. Bg2 d6 6. d4 Nbd7 7. O-O c6 8. Nbd2 Qc7 9. e4 e5 10. Re1 Re8 11. Nc4 b5 12. dxe5 dxe5 13. Qd6 Qxd6 14. Nxd6 Re6 15. Nxc8 Rxc8 16. Rad1 Re7 17. Bh3 Rc7 18. Re2 b4 19. Nd2 Nc5 20. f3 Nfd7 21. Nc4 Nb6 22. Rd8+ Bf8 23. Nxe5 Ne6 24. Bxe6 fxe6 25. Red2 c5 26. Ng4 Kf7 27. Bf6 Red7 28. Ne5+ Kxf6 29. Nxd7+ Nxd7 30. R2xd7 Rxd7 31. Rxd7 Ke5 32. Kf2 c4 33. bxc4 Bc5+ 34. Ke2 a5 35. Kd3 h5 36. h3 Bf2 37. f4+ Kf6 38. e5+ Kf5 39. Rf7# 1-0


[Site "https://www.chess.com"]

[Event "Titled Tuesday Blitz February 07 Late 2023"]
[White "Guzman Moneo, Alberto"]
[Black "Bilan, Danila"]
[WhiteFideId "2209616"]
[BlackFideId "24161918"]
[WhiteElo "2170"]
[BlackElo "2303"]
[Result "0-1"]
[Round "04"]
[TimeControl "180+2"]
[Date "2023.02.07"]
[WhiteClock "0:01:17"]
[BlackClock "0:00:29"]

1. e4 c6 2. Nf3 d5 3. d3 Bg4 4. Be2 e6 5. Ne5 Bxe2 6. Qxe2 Nd7 7. Nxd7 Qxd7 8. O-O Bc5 9. Nc3 Ne7 10. Bg5 Ng6 11. Kh1 h6 12. Bd2 O-O-O 13. f4 f5 14. e5 Ne7 15. Na4 Bb6 16. Nxb6+ axb6 17. d4 g5 18. a4 Ng6 19. fxg5 hxg5 20. Bxg5 Rdg8 21. a5 b5 22. a6 b6 23. a7 Kb7 24. Bf6 Rh7 25. b3 Ka8 26. c4 Nh4 27. Rf2 dxc4 28. bxc4 Qxd4 29. Rd1 Qxc4 30. Qxc4 bxc4 31. Rd6 Rxa7 32. g3 Ra1+ 0-1


[Site "https://www.chess.com"]

[Event "Titled Tuesday Blitz February 07 Late 2023"]
[White "CheckBits"]
[Black "Smith, Garrett L"]
[BlackFideId "2024829"]
[WhiteElo "2403"]
[BlackElo "2047"]
[Result "0-1"]
[Round "04"]
[TimeControl "180+2"]
[Date "2023.02.07"]
[WhiteClock "0:00:12"]
[BlackClock "0:00:36"]

1. e4 c5 2. c3 d5 3. exd5 Qxd5 4. Nf3 Nc6 5. Na3 Bf5 6. Bc4 Qd7 7. O-O e6 8. Qe2 Nf6 9. Rd1 Bg4 10. Nc2 Be7 11. d4 O-O 12. dxc5 Qc7 13. h3 Bxf3 14. Qxf3 Ne5 15. Qg3 Nh5 16. Qh2 Qxc5 17. Be2 Bd6 18. Be3 Nf3+ 19. Bxf3 Bxh2+ 20. Kxh2 Qe5+ 21. g3 Nf6 22. Bd4 Qf5 23. Ne1 Rfd8 24. Kg2 a5 25. Nd3 Qb5 26. a4 Qc4 27. Bxb7 Rab8 28. Bf3 Nd5 29. Rd2 f6 30. Re1 Kf7 0-1


[Site "https://www.chess.com"]

[Event "Titled Tuesday Blitz February 07 Late 2023"]
[White "Herman, Daniel"]
[Black "lisjakzlatko1"]
[WhiteFideId "30935008"]
[WhiteElo "1956"]
[BlackElo "2213"]
[Result "1-0"]
[Round "04"]
[TimeControl "180+2"]
[Date "2023.02.07"]
[WhiteClock "0:00:22"]
[BlackClock "0:00:04"]

1. d4 d5 2. c4 Nc6 3. Nc3 dxc4 4. d5 Na5 5. e4 c6 6. Nf3 e6 7. Be3 Nf6 8. dxc6 Qxd1+ 9. Rxd1 bxc6 10. Ne5 Bb4 11. f3 O-O 12. Nxc4 Nxc4 13. Bxc4 Nd7 14. f4 Nc5 15. Bxc5 Bxc5 16. Ke2 a5 17. e5 a4 18. Ne4 Be7 19. Nd6 Ba6 20. Bxa6 Rxa6 21. Nc4 f6 22. Rd7 Bc5 23. g3 a3 24. b3 g5 25. Rc1 Bb4 26. exf6 Rxf6 27. fxg5 Rf5 28. h4 e5 29. Rf1 Rxf1 30. Kxf1 Ra8 31. Nxe5 Re8 32. Ng4 Re1+ 33. Kg2 Ra1 34. Nf6+ Kf8 35. Nxh7+ Ke8 36. Nf6+ Kf8 37. g6 Rxa2+ 38. Kf3 Be7 39. Nh7+ Ke8 40. Ra7 1-0


[Site "https://www.chess.com"]

[Event "Titled Tuesday Blitz February 07 Late 2023"]
[White "mestrefeitosa19"]
[Black "Fernandez Garcia, Gumersindo"]
[BlackFideId "24516740"]
[WhiteElo "2209"]
[BlackElo "2160"]
[Result "0-1"]
[Round "04"]
[TimeControl "180+2"]
[Date "2023.02.07"]
[WhiteClock "0:00:01"]
[BlackClock "0:01:14"]

1. c4 c6 2. e4 d5 3. exd5 cxd5 4. cxd5 Nf6 5. Nc3 Nxd5 6. Bc4 Nf6 7. Nf3 e6 8. O-O Nc6 9. d4 Be7 10. d5 exd5 11. Nxd5 Nxd5 12. Bxd5 O-O 13. h3 Bf6 14. Re1 Qb6 15. Qb3 Bf5 16. Qxb6 axb6 17. Be4 Be6 18. Be3 Bxb2 19. Rab1 Rxa2 20. Bxb6 Bc3 21. Rec1 Bf6 22. Bc5 Rc8 23. Rxb7 Nd4 24. Nxd4 Bxd4 25. Rb5 Bxf2+ 26. Kh2 Bd7 27. Rb7 Be6 28. Rd1 Bxc5 29. Rc7 Rxc7 0-1


[Site "https://www.chess.com"]

[Event "Titled Tuesday Blitz February 07 Late 2023"]
[White "Zhang, Alan"]
[Black "Becerra, Juan David"]
[WhiteFideId "30936870"]
[BlackFideId "4404998"]
[WhiteElo "2001"]
[BlackElo "2382"]
[Result "0-1"]
[Round "04"]
[TimeControl "180+2"]
[Date "2023.02.07"]
[WhiteClock "0:00:15"]
[BlackClock "0:01:05"]

1. e4 c5 2. Nf3 d6 3. d4 cxd4 4. Nxd4 Nf6 5. Nc3 a6 6. h3 e5 7. Nb3 h5 8. g3 Be6 9. f4 Qc7 10. f5 Bc4 11. Qf3 Nbd7 12. Be3 b5 13. O-O-O Rc8 14. Bxc4 Qxc4 15. a3 d5 16. Nd2 Qc7 17. exd5 Bxa3 18. Ndb1 Bd6 19. Rd2 Qc4 20. b3 Qc7 21. Ne4 Bb4 22. Nxf6+ Nxf6 23. Re2 e4 24. Bd4 Qxc2+ 25. Rxc2 Rxc2+ 26. Kxc2 exf3 27. Bxf6 gxf6 28. Rf1 Kd7 29. Rxf3 Re8 30. Kd3 Re1 31. Nd2 Rd1 32. Rf2 Kd6 33. Kc2 Rxd2+ 34. Rxd2 Bxd2 35. Kxd2 Kxd5 36. Ke3 Ke5 37. g4 hxg4 38. hxg4 a5 39. Kd3 a4 40. bxa4 bxa4 41. Kc4 Kf4 42. Kb4 Kxg4 43. Ka3 Kxf5 44. Kxa4 Kg4 45. Kb3 f5 46. Kc3 Kg3 47. Kd2 f4 48. Ke2 Kg2 49. Ke1 f3 50. Kd2 f2 51. Kd3 f1=Q+ 52. Kd4 Qe2 53. Kd5 f5 54. Kd6 f4 55. Kd7 f3 56. Kd8 f2 57. Kd7 f1=Q 58. Kd8 Qfd1+ 59. Kc8 Qec2+ 60. Kb8 Qdb1+ 61. Ka8 Qca2# 0-1


[Site "https://www.chess.com"]